 Dungeon Crawl Stone Soup version 0.22-a0-512-g0943f25 (webtiles) character file.

7 Amnesiac the Chopper (level 2, -2/26 HPs)
             Began as a Hill Orc Monk on June 18, 2018.
             Slain by a jackal (3 damage)
             ... on level 1 of the Dungeon.
             The game lasted 00:00:51 (30 turns).

Amnesiac the Chopper (Hill Orc Monk)                  Turns: 30, Time: 00:00:52

Health: -2/26      AC:  2    Str: 13    XL:     2   Next: 0%
Magic:  2/2        EV: 13    Int: 10    God:
Gold:   0          SH:  0    Dex: 13    Spells: 1/1 levels left

rFire    . . .     SeeInvis .   a - +0 hand axe
rCold    . . .     Gourm    .   (no shield)
rNeg     . . .     Faith    .   b - +0 robe
rPois    .         Spirit   .   (no helmet)
rElec    .         Reflect  .   (no cloak)
rCorr    .         Harm     .   (no gloves)
MR       .....                  (no boots)
Stlth    ++........             (no amulet)
HPRegen  0.08/turn              (no ring)
MPRegen  0.08/turn              (no ring)

@: no status effects
A: no striking features
a: no special abilities


You were on level 1 of the Dungeon.
You were not hungry.

You visited 1 branch of the dungeon, and saw 1 of its levels.

Inventory:

Hand Weapons
 a - a +0 hand axe (weapon)
Armour
 b - a +0 robe (worn)
Scrolls
 d - a scroll of identify {!r, unknown}
Potions
 e - a potion of heal wounds {!q, unknown}
Comestibles
 c - a ration


   Skills:
 - Level 3.6 Fighting
 - Level 4.0 Axes
 + Level 1.6 Armour
 - Level 2.4 Dodging
 - Level 1.5 Stealth


You had one spell level left.
You didn't know any spells.
Your spell library was empty.

Dungeon Overview and Level Annotations

Branches:
Dungeon (1/15)

Altars:


Message History

The leopard gecko hisses angrily.
The goblin misses you.
You hit the goblin.
You kill the goblin!
You slash the leopard gecko!
You kill the leopard gecko!
Your Armour skill increases to level 1!
A giant cockroach comes into view.
You closely miss the leopard gecko. The leopard gecko bites you.
The leopard gecko bites you but does no damage.
You barely miss the leopard gecko. The leopard gecko closely misses you.
A jackal comes into view.
The jackal barks!
You hit the leopard gecko.
The leopard gecko is moderately wounded.
You hear a bark! x2
The leopard gecko barely misses you.
You closely miss the leopard gecko.
The leopard gecko is moderately wounded.
The leopard gecko bites you. x2
You hit the leopard gecko but do no damage.
The leopard gecko is moderately wounded.
The leopard gecko bites you.
You closely miss the leopard gecko.
The leopard gecko is moderately wounded.
The leopard gecko bites you.
* * * LOW HITPOINT WARNING * * *
A jackal comes into view.
You hit the leopard gecko.
The leopard gecko is severely wounded.
The leopard gecko hisses menacingly.
The leopard gecko barely misses you. x2
You barely miss the leopard gecko.
The leopard gecko is severely wounded.
You hit the jackal. The jackal misses you.
The leopard gecko closely misses you. The jackal closely misses you.
You miss the leopard gecko.
The leopard gecko is severely wounded.
You hit the jackal but do no damage. The leopard gecko bites you.
* * * LOW HITPOINT WARNING * * *
The jackal bites you but does no damage.
You hit the leopard gecko.
You kill the leopard gecko!
You hit the jackal. The jackal bites you.
* * * LOW HITPOINT WARNING * * *
The jackal barely misses you. The giant cockroach misses you. x2
The jackal closely misses you.
You slash the jackal!
You kill the jackal!
You have reached level 2!
The jackal bites you.
* * * LOW HITPOINT WARNING * * *
You hit the jackal.
The jackal is almost dead.
The jackal bites you.
* * * LOW HITPOINT WARNING * * *
The jackal bites you.
* * * LOW HITPOINT WARNING * * *
You miss the jackal.
The jackal is almost dead.
You barely miss the giant cockroach. The giant cockroach barely misses you.
The jackal bites you.
You die...

##...≈..≈≈≈..≈...#
..#.....≈≈≈≈≈≈≈.....
......≈≈≈≈...≈≈≈≈...
#...≈≈≈≈≈..<..≈≈≈≈≈.
.....≈≈≈≈...≈≈≈≈...
#.....≈≈≈≈≈≈≈.....
##...≈..≈≈≈..≈...#
#8..≈sh..≈....≈..8
#....@#..≈..#.....
#.....####...####...
#...## ##J## ## ...
...? .. .......
.###..#... #. .## ..
# ## ?


You could see a jackal and a giant cockroach.

Vanquished Creatures
  2 leopard geckos (D:1)
  A goblin (D:1)
  A jackal (D:1)
4 creatures vanquished.

Notes
Turn   | Place    | Note
-------+----------+-------------------------------------------
     0 | D:1      | Amnesiac the Hill Orc Monk began the quest for the Orb.
     0 | D:1      | Reached XP level 1. HP: 19/19 MP: 1/1
    13 | D:1      | Reached skill level 1 in Armour
    28 | D:1      | Reached XP level 2. HP: 6/26 MP: 2/2
    29 | D:1      | HP: 1/26 [jackal (1)]
    30 | D:1      | Slain by a jackal

Vault maps used:
D:1:      eino_arrival_water_star

Skill      XL: |  1 |
---------------+----+-----
Armour         | 1 |  1.6
Fighting       | |  3.6
Axes           | |  4.0
Dodging        | |  2.4
Stealth        | |  1.5

Action                   || total
-------------------------++-------
Melee: Hand axe          ||    16
Armor: Robe              ||     2
Dodge: Dodged            ||    13

Table legend:
 A = Spawn XP
 B = Non-spawn XP
 C = Spawn XP percentage of total XP
 D = Spawn monster count
 E = Non-spawn monster count
 F = Spawn count percentage of total count
 G = Total turns spent on level
                    A         B        C        D         E        F      G
               +---------+---------+-------+---------+---------+-------+---------
         Total |       0 |      10 |   0.0 |       0 |       4 |   0.0 |    30
               +---------+---------+-------+---------+---------+-------+---------
           D:1 |       0 |      10 |   0.0 |       0 |       4 |   0.0 |    30
               +---------+---------+-------+---------+---------+-------+---------
